 Dungeon Crawl Stone Soup version 0.17-a0-1719-g1afd5a1 (webtiles) character file.

240 shakdrar the Cutter (level 6, -3/39 HPs)
             Began as an Octopode Assassin on Aug 28, 2015.
             Slain by a worker ant (6 damage)
             ... on level 4 of the Dungeon.
             The game lasted 00:12:09 (3596 turns).

shakdrar the Cutter (Octopode Assassin)             Turns: 3596, Time: 00:12:09

Health: -3/39      AC:  1    Str: 11    XL:     6   Next: 8%
Magic:  6/6        EV: 11    Int: 13    God:
Gold:   149        SH:  3    Dex: 15    Spells: 0 memorised, 5 levels left

rFire  . . .     SeeInvis +     a - +2 dagger
rCold  . . .     Clarity  .     g - +0 buckler
rNeg   . . .     SustAt   .     (helmet restricted)
rPois  .         Gourm    .     (no amulet)
rElec  .         Spirit   .     i - ring of see invisible
rCorr  .         Warding  .     (no ring)
rMut   .         Stasis   .     (no ring)
MR     .....                    (no ring)
Stlth  ++++......               (no ring)
                                (no ring)
                                (no ring)
                                (no ring)

@: not resistant to hostile enchantments, stealthy
A: almost no armour, amphibious, 8 rings, constrict 8, camouflage 1, gelatinous
body 1
a: no special abilities


You were on level 4 of the Dungeon.
You were not hungry.

You visited 1 branch of the dungeon, and saw 4 of its levels.

You collected 149 gold pieces.

Inventory:

Hand weapons
 a - a +2 dagger (weapon)
 b - a +0 blowgun
Missiles
 c - 24 poisoned needles (quivered)
 d - 2 curare-tipped needles
Armour
 g - a +0 buckler (worn)
Jewellery
 i - a ring of see invisible (left tentacle)
Scrolls
 f - 3 scrolls of remove curse
 h - 2 scrolls of identify
 j - a scroll of recharging {unknown}
Comestibles
 e - 2 bread rations


   Skills:
 - Level 2.0 Fighting
 + Level 6.2 Short Blades
 - Level 2.0 Throwing
 - Level 1.0 Dodging
 - Level 5.3 Stealth


You had 5 spell levels left.
You didn't know any spells.

Dungeon Overview and Level Annotations

Branches:
Dungeon (4/15)
 Temple: D:4-7

Altars:
Cheibriados
Gozag
Ru


Innate Abilities, Weirdness & Mutations

You cannot wear most types of armour.
You are amphibious.
You can wear up to eight rings at the same time.
You can use your tentacles to constrict eight enemies at once.
Your skin changes colour to match your surroundings (Stealth).
Your rubbery body absorbs attacks (AC +1).


Message History

You hit the hound. You squeeze the hound.
You kill the hound!
Your Short Blades skill increases to level 6!
You have reached level 6!
Your experience leads to an increase in your attributes!
Increase (S)trength, (I)ntelligence, or (D)exterity?
You feel stronger. You block the quokka's attack. The worker ant bites you.
* * * LOW HITPOINT WARNING * * *
You hit the worker ant but do no damage.
You grab the worker ant. You squeeze the worker ant!
The worker ant is heavily wounded.
You constrict the worker ant. The quokka bites you.
* * * LOW HITPOINT WARNING * * *
The worker ant barely misses you.
You hit the worker ant.
The worker ant is heavily wounded.
You constrict the worker ant, but do no damage.
The quokka barely misses you. The worker ant bites you.
You die...

..# #......... #..
##..#...... #.##
#........#. ##.##
#......###.
##...####....### #.
##..........###
#.##......W....#
#....a.....#....#
#.....@...........#
#....r#......###.....
#...####....## ##...
...# ##..## ... ##
#.## .[ ... ##.. #.


You could see a phantom, a worker ant and a quokka.

Vanquished Creatures
  A hound (D:4)
  An iguana (D:3)
  2 orc wizards (D:3)
  2 adders
  2 gnolls
  3 worms
  3 giant geckos
  4 orcs (D:3)
  A ball python (D:3)
  10 bats
  5 giant cockroaches
  8 goblins
  9 hobgoblins
  2 jackals (D:3)
  11 kobolds
  3 quokkas (D:2)
  6 giant newts
  15 rats
88 creatures vanquished.

Notes
Turn   | Place    | Note
--------------------------------------------------------------
     0 | D:1      | shakdrar the Octopode Assassin began the quest for the Orb.
     0 | D:1      | Reached XP level 1. HP: 14/14 MP: 1/1
   202 | D:1      | Reached XP level 2. HP: 19/19 MP: 2/2
   690 | D:2      | Reached XP level 3. HP: 13/24 MP: 3/3
   931 | D:2      | Found a snail-covered altar of Cheibriados.
  1135 | D:2      | Found a faded altar to an unknown god.
  1483 | D:3      | Reached XP level 4. HP: 29/29 MP: 4/4
  1513 | D:3      | Found a sacrificial altar of Ru.
  1944 | D:3      | Found an opulent altar of Gozag.
  2282 | D:3      | Reached skill level 5 in Short Blades
  2365 | D:3      | Reached XP level 5. HP: 34/34 MP: 5/5
  2899 | D:3      | HP: 1/34 [giant gecko (1)]
  3578 | D:4      | Noticed a phantom
  3594 | D:4      | Reached skill level 6 in Short Blades
  3594 | D:4      | Reached XP level 6. HP: 9/39 MP: 6/6
  3596 | D:4      | Slain by a worker ant

Vault maps used:
D:1:      minmay_arrival_checkered_box
D:2:      lemuel_crystal_altar, ecumenical_altar_1, first_bread
D:3:      kennysheep_six_static_rooms, nicolae_gozag_seed_capital,
          nicolae_ru_great_annihilating_truth
D:4:      makhleb_blood_cavern_becter, portal_sewer_entry_c, uniq_menkaure,
          uniq_crazy_yiuf_cottage

Action                   |  1- 3 |  4- 6 || total
-------------------------+-------+-------++-------
Melee: Dagger            |    75 |   114 ||   189
  Use: Scroll            |     3 |     4 ||     7
       Potion            |     2 |     1 ||     3
 Stab: Sleeping          |    21 |     6 ||    27
       Paralysed         |       |     1 ||     1
  Eat: Chunk             |     2 |     1 ||     3
       Bread ration      |       |     1 ||     1
       Pizza             |       |     1 ||     1
